 Dungeon Crawl Stone Soup version 0.30-a0-23-ge60ba3568b (webtiles) character file.

Game seed: 12328909211601361939

1158 ytrimaz the Covert (level 8, -8/48 HPs)
             Began as an Octopode Transmuter on Aug 25, 2022.
             Mangled by an iguana (10 damage)
             ... on level 5 of the Dungeon.
             The game lasted 00:06:01 (5207 turns).

ytrimaz the Covert (Octopode Transmuter)            Turns: 5207, Time: 00:06:01

Health: -8/48      AC:  1    Str:  8 (10) XL:     8   Next: 39%
Magic:  11/11      EV: 13    Int: 23      God:
Gold:   246        SH:  0    Dex: 12      Spells: 8/11 levels left

rFire   . . .      SeeInvis .      - Unarmed
rCold   . . .      Faith    .    (no shield)
rNeg    . . .      Spirit   .    (helmet restricted)
rPois   .          Reflect  .    m - amulet of magic regeneration
rElec   .          Harm     .    b - +6 ring of intelligence
rCorr   .          Rampage  .    (no ring)
Will    .....                    (no ring)
Stlth   +++++.....               (no ring)
HPRegen 0.16/turn                (no ring)
MPRegen 0.52/turn                (no ring)
                                 (no ring)
                                 (no ring)

@: attractive
A: almost no armour, amphibious, 8 rings, camouflage 1, gelatinous body 1,
(nimble swimmer 1), tentacles
a: no special abilities


You were on level 5 of the Dungeon.
You visited 1 branch of the dungeon, and saw 5 of its levels.

You collected 246 gold pieces.

Inventory:

Missiles
 e - a throwing net
Jewellery
 b - a +6 ring of intelligence (left tentacle)
 m - an amulet of magic regeneration (around mantle)
Wands
 a - a wand of paralysis (3)
Scrolls
 c - a scroll of fear
 d - a scroll of immolation
 g - 2 scrolls of teleportation
 i - 3 scrolls of poison
 q - a scroll of enchant armour
Potions
 l - 2 potions of brilliance


   Skills:
 - Level 1.0 Fighting
 - Level 2.0 Dodging
 * Level 9.7 Stealth
 + Level 7.5 Unarmed Combat
 - Level 2.0 Spellcasting
 - Level 2.0 Transmutations


You had 8 spell levels left.
You knew the following spells:

 Your Spells              Type           Power      Damage    Failure   Level
a - Beastly Appendage     Tmut           22%        N/A       5%          1
b - Wereblood             Tmut           11%        N/A       9%          2

Your spell library contained the following spells:

 Spells                   Type           Power      Damage    Failure   Level
 Sandblast                Erth           4%         2d4       13%         1
 Summon Small Mammal      Summ           8%         N/A       13%         1
 Passwall                 Tmut/Erth      5%         N/A       13%         2
 Sublimation of Blood     Necr           2%         N/A       19%         2
 Spider Form              Tmut/Pois      6%         N/A       26%         3
 Call Canine Familiar     Summ           2%         N/A       36%         3
 Stone Arrow              Conj/Erth      4%         3d7       36%         3
 Summon Guardian Golem    Hex/Summ       2%         N/A       36%         3
 Ice Form                 Ice/Tmut       6%         N/A       63%         4
 Petrify                  Tmut/Erth      6%         N/A       63%         4
 Irradiate                Conj/Tmut      3%         3d12      93%         5
 Iskenderun's Battlesphe  Conj           2%         2d6       98%         5
 Iron Shot                Conj/Erth      1%         9d1       100%        6
 Spellforged Servitor     Conj/Summ      1%         N/A       100%        7


Dungeon Overview and Level Annotations

Branches:
Dungeon (5/15)
 Temple: D:4-7

Altars:
Okawaru
Yredelemnul

Annotations:
D:5 exclusion: door


Innate Abilities, Weirdness & Mutations

You cannot wear most types of armour.
You are amphibious.
You can wear up to eight rings at the same time.
Your skin changes colour to match your surroundings (Stealth+).
Your rubbery body absorbs attacks. (AC +1, EV +1)
((You are camouflaged when in or above water. (Stealth+)))
You have tentacles for arms and can constrict up to eight enemies at once.


Message History

You tentacle-slap the iguana but do no damage.
You tentacle-slap the iguana, but do no damage.
The iguana is severely wounded.
You constrict the iguana, but do no damage.
The iguana barely misses you. The iguana is attracted toward you.
The quokka is attracted toward you.
You tentacle-slap the iguana.
You pierce the iguana, but do no damage.
The iguana is almost dead.
You constrict the iguana, but do no damage.
The iguana completely misses you.
You tentacle-slap the iguana but do no damage.
You pierce the iguana.
You kill the iguana!
The iguana is attracted toward you. The quokka is attracted toward you.
You feel your dexterity returning.
Unknown command.
You tentacle-slap the iguana but do no damage.
Your attack snaps the iguana out of its fear.
You grab the iguana.
You pierce the iguana, but do no damage.
Your tentacle spike disappears.
You constrict the iguana, but do no damage.
The iguana closely misses you.
You tentacle-slap the iguana.
The iguana is lightly wounded.
You constrict the iguana, but do no damage.
The iguana bites you!
* * * LOW HITPOINT WARNING * * *
You tentacle-slap the iguana.
The iguana is moderately wounded.
You constrict the iguana, but do no damage.
The iguana bites you but does no damage.
Unknown command.
You tentacle-slap the iguana.
You squeeze the iguana, but do no damage.
The iguana is severely wounded.
You constrict the iguana, but do no damage.
The iguana bites you!
You die...

#######.....#....#
............+....#
............#....#
............#....#
.......##'###....#
.......#..)......#
.........###.....#
........##.##....##
........'..@#.....##
........##l##......#
###......#r#####...# .
..#..#####§# ##..# .
....#.##rl.§#+o..$#..#
.+.....#.#..r.?
#[os$#.##
.#.....#.#.l.(.###.|##.#
.##...##.#.???§+.####..#
.##...##.##:(.##.......#


You could see an iguana and a quokka.

Vanquished Creatures
  Sigmund (D:4)
  2 ogres (D:5)
  A black bear (D:5)
  3 scorpions
  A howler monkey (D:4)
  4 hounds
  Ijyb (D:4)
  3 iguanas (D:5)
  Natasha (thrice) (D:3)
  An orc wizard (D:4)
  7 gnolls
  3 adders
  A worm (D:5)
  A dart slug (D:3)
  6 orcs
  11 bats
  9 endoplasms
  5 giant cockroaches
  9 goblins
  7 hobgoblins
  17 jackals
  7 kobolds
  4 quokkas
  8 ball pythons
  4 frilled lizards
  4 rats
123 creatures vanquished.

Notes
Turn   | Place    | Note
-------+----------+-------------------------------------------
     0 | D:1      | ytrimaz the Octopode Transmuter began the quest for the
                  | Orb.
     0 | D:1      | Reached XP level 1. HP: 13/13 MP: 3/3
    26 | D:1      | Reached skill level 1 in Stealth
    30 | D:1      | Reached XP level 2. HP: 9/18 MP: 3/5
   503 | D:1      | Reached skill level 2 in Stealth
   654 | D:1      | Reached XP level 3. HP: 15/23 MP: 6/6
  1360 | D:1      | You fall into a shaft and drop 1 floor!
  1379 | D:2      | Reached skill level 3 in Stealth
  1379 | D:2      | Reached XP level 4. HP: 17/28 MP: 4/7
  1920 | D:2      | Found a basalt altar of Yredelemnul.
  2614 | D:2      | Reached skill level 4 in Stealth
  2831 | D:3      | Found an iron altar of Okawaru.
  2938 | D:3      | Noticed Natasha
  2951 | D:3      | Killed Natasha
  2952 | D:3      | Reached XP level 5. HP: 9/33 MP: 8/8
  3314 | D:3      | Noticed Natasha
  3328 | D:3      | Killed Natasha
  3329 | D:3      | Reached skill level 5 in Stealth
  3393 | D:3      | Noticed Natasha
  3400 | D:3      | Killed Natasha
  3672 | D:3      | Found a faded altar of an unknown god.
  3795 | D:4      | Learned a level 2 spell: Wereblood
  3883 | D:4      | Reached XP level 6. HP: 38/38 MP: 9/9
  3904 | D:4      | Reached skill level 6 in Stealth
  3904 | D:4      | Reached skill level 5 in Unarmed Combat
  4409 | D:4      | Noticed Sigmund
  4418 | D:4      | Noticed Ijyb
  4431 | D:4      | Killed Sigmund
  4432 | D:4      | Reached skill level 7 in Stealth
  4432 | D:4      | Reached XP level 7. HP: 43/43 MP: 10/10
  4433 | D:4      | Paralysed by Ijyb for 3 turns
  4440 | D:4      | Killed Ijyb
  4498 | D:4      | Reached skill level 8 in Stealth
  4735 | D:5      | Entered Level 5 of the Dungeon
  5170 | D:5      | Reached skill level 9 in Stealth
  5170 | D:5      | Reached XP level 8. HP: 16/48 MP: 11/11
  5205 | D:5      | HP: 2/48 [iguana (13)]
  5207 | D:5      | Mangled by an iguana

Illustrated notes

Levels and vault maps discovered:
D:1:      minmay_arrival_semitransparent, layout_basic, st_stairs_9,
          kennysheep_nondescript
D:2:      layout_loops_ring, basic_altar, wad_floor_pattern_untrapped
D:3:      layout_rooms, kennysheep_okawaru_gauntlet,
          dreamdust_ecumenical_altar_angels_and_demons, uniq_natasha
D:4:      minmay_wonky_spiral, layout_loops_ring, uniq_ijyb, uniq_sigmund
D:5:      layout_gridville, minmay_joined_circles, uniq_eustachio

Skill      XL: |  1  2  3  4  5  6  7  8 |
---------------+-------------------------+-----
Stealth        | 1 2 3 4 5 7 9 |  9.7
Unarmed Combat | 4 5 6 7 |  7.5
Fighting       | |  1.0
Dodging        | |  2.0
Spellcasting   | |  2.0
Transmutations | |  2.0

Action                   |  1- 3 |  4- 6 |  7- 9 || total
-------------------------+-------+-------+-------++-------
Melee: Unarmed           |    72 |   139 |    79 ||   290
       Constrict         |    20 |    35 |    16 ||    71
       Kick              |    10 |    33 |    26 ||    69
       Tentacles         |    15 |    16 |    16 ||    47
       Punch             |     2 |     3 |     7 ||    12
 Cast: Beastly Appendage |    15 |    32 |     9 ||    56
       Wereblood         |       |     2 |     2 ||     4
  Use: Scroll            |       |    11 |     2 ||    13
       Potion            |       |     4 |    12 ||    16
 Stab: Sleeping          |     6 |    13 |     2 ||    21
Armor: Skin              |     9 |    36 |    20 ||    65
Dodge: Dodged            |    39 |    70 |    52 ||   161

Table legend: (Time is in decaauts)
 A = Elapsed time spent in this place.
 B = Non-inter-level travel time spent in this place.
 C = Inter-level travel time spent in this place.
 D = Time resting spent in this place.
 E = Time spent auto-exploring this place.
 F = Levels seen in this place.
 G = Mean time per level.
                   A        B        C        D        E       F      G
               +--------+--------+--------+--------+--------+-----+--------+
         Total |   5173 |   5121 |     52 |     19 |   4220 |   5 | 1034.6 |
       Dungeon |   5173 |   5121 |     52 |     19 |   4220 |   5 | 1034.6 |
               +--------+--------+--------+--------+--------+-----+--------+

Top non-repeatable levels by time:
     D:1: 1644 daAuts
     D:2: 1166 daAuts
     D:4: 956 daAuts
     D:3: 942 daAuts
     D:5: 464 daAuts
